 Dungeon Crawl Stone Soup version 0.20.0-15-g7f486f2 (webtiles) character file.

305 esteth the Changer (level 6, -1/47 HPs)
             Began as a Draconian Transmuter on June 9, 2017.
             Slain by a wight
             ... wielding a +0 hand axe
              (9 damage)
             ... on level 4 of the Dungeon on June 11, 2017.
             The game lasted 00:07:34 (3776 turns).

esteth the Changer (Draconian Transmuter)           Turns: 3776, Time: 00:07:35

Health: -1/47      AC:  2    Str: 13    XL:     6   Next: 15%
Magic:  2/9        EV: 20    Int: 15    God:
Gold:   153        SH:  0    Dex: 19    Spells: 5/9 levels left

rFire    . . .     SeeInvis .     - Unarmed
rCold    . . .     Gourm    .   (shield currently unavailable)
rNeg     . . .     Faith    .   (armour unavailable)
rPois    x         Spirit   .   (helmet currently unavailable)
rElec    .         Reflect  .   (cloak currently unavailable)
rCorr    .         Harm     .   (gloves currently unavailable)
MR       .....                  (boots currently unavailable)
Stlth    ++........             (no amulet)
Regen    0.2/turn               g - +3 ring of dexterity
MPRegen  0.2/turn               n - ring of flight

@: spider-form (expiring), very slightly contaminated, drained
A: unfitting armour, AC +6
a: End Transformation, Evoke Flight


You were on level 4 of the Dungeon.
You were near starving.
You were a venomous arachnid creature.
You visited 1 branch of the dungeon, and saw 4 of its levels.

You collected 153 gold pieces.

Inventory:

Missiles
 a - 66 arrows
Armour
 l - a +0 pair of gloves (melded)
Jewellery
 g - a +3 ring of dexterity (left front leg)
 n - a ring of flight (right front leg)
Wands
 k - a wand of disintegration (5/24)
Scrolls
 e - 4 scrolls of identify
 h - 2 scrolls of enchant armour {unknown}
 m - 2 scrolls of magic mapping {unknown}
 o - a scroll of remove curse {unknown}
Potions
 d - 3 potions of curing {unknown}
 f - a potion of haste {unknown}
Books
 b - a book of Changes

   Spells                             Type                      Level
   a - Beastly Appendage              Transmutation                1
   b - Sticks to Snakes               Transmutation                2
   c - Spider Form                    Transmutation/Poison         3
   d - Ice Form                       Ice/Transmutation            4
   e - Blade Hands                    Transmutation                5
Comestibles
 c - a bread ration
 j - a royal jelly


   Skills:
 - Level 1.1(0.4) Fighting
 - Level 3.1(2.5) Dodging
 - Level 3.0(2.3) Unarmed Combat
 - Level 2.0(1.3) Spellcasting
 + Level 5.8(5.1) Transmutations


You had 5 spell levels left.
You knew the following spells:

 Your Spells              Type           Power        Failure   Level  Hunger
a - Beastly Appendage     Tmut           ###...       11%         1    ##.....
b - Spider Form           Tmut/Pois      #.........   45%         3    ####...


Dungeon Overview and Level Annotations

Branches:
Dungeon (4/15)
 Temple: D:4-7

Altars:

Annotations:
D:3 Sigmund


Innate Abilities, Weirdness & Mutations

((Your plain brown scales are hard. (AC +6)))
You cannot fit into any form of body armour.
((You are cold-blooded and may be slowed by cold attacks.))


Message History

You hit the wight but do no damage.
The wight is heavily damaged.
You barely miss the wight.
The wight is heavily damaged.
Your transformation is almost over.
The wight misses you.
You hit the wight.
The wight is severely damaged.
The wight barely misses you.
You hit the wight but do no damage.
The wight is severely damaged.
The wight hits you with a hand axe.
* * * LOW HITPOINT WARNING * * *
You hit the wight.
The wight is severely damaged.
The wight misses you.
You hit the wight but do no damage.
The wight is severely damaged.
The wight hits you with a hand axe!
You die...

# # #. #.#.#
#....#########
#..sz<....#
#....#######.#
#.#.# #.#
#...###### #.#
..#......###z######
#.#. #.%.).......#
.
.........###..#####
.#....###.# #..#
#... #.# #..#


You could see a wight.

Vanquished Creatures
  A centaur (D:3)
  3 wights (D:4)
  5 adders
  2 worms (D:2)
  4 leopard geckos
  2 orcs (D:3)
  7 bats
  2 giant cockroaches
  4 goblins
  5 hobgoblins
  2 jackals (D:3)
  7 kobolds
  A quokka (D:3)
  4 frilled lizards
  5 rats
54 creatures vanquished.

Notes
Turn   | Place    | Note
-------+----------+-------------------------------------------
     0 | D:1      | esteth the Draconian Transmuter began the quest for the Orb.
     0 | D:1      | Reached XP level 1. HP: 16/16 MP: 3/3
   349 | D:1      | Reached XP level 2. HP: 23/23 MP: 5/5
  1166 | D:1      | Reached XP level 3. HP: 21/28 MP: 6/6
  1258 | D:2      | Noticed Sigmund
  1748 | D:2      | Reached skill level 3 in Transmutations
  2268 | D:2      | Reached XP level 4. HP: 31/35 MP: 7/7
  2285 | D:2      | Learned a level 3 spell: Spider Form
  3225 | D:3      | Noticed a centaur
  3244 | D:3      | Killed a centaur
  3244 | D:3      | Reached skill level 4 in Transmutations
  3244 | D:3      | Reached XP level 5. HP: 11/40 MP: 8/8
  3730 | D:4      | Reached skill level 5 in Transmutations
  3764 | D:4      | Reached XP level 6. HP: 18/47 MP: 0/9
  3776 | D:4      | Slain by a wight

Skill      XL: |  1  2  3  4  5 |
---------------+----------------+-----
Dodging        | 2 3 |  3.1
Transmutations | 3 4 5 |  5.8
Fighting       | |  1.1
Unarmed Combat | |  3.0
Spellcasting   | |  2.0

Action                   |  1- 3 |  4- 6 || total
-------------------------+-------+-------++-------
Melee: Unarmed           |   198 |   152 ||   350
       Tailslap          |    16 |     9 ||    25
       Punch             |       |     2 ||     2
 Cast: Spider Form       |       |     2 ||     2
  Use: Scroll            |       |     1 ||     1
 Stab: Distracted        |     1 |       ||     1
  Eat: Chunk             |     4 |     4 ||     8
Armor: Skin              |    64 |    40 ||   104
Dodge: Dodged            |   157 |   131 ||   288
